[Event "12th New York International 2019"]
[Site "New York"]
[Date "2019.07.10"]
[Round "1.1"]
[White "Zherebukh, Yaroslav"]
[Black "Zeltsan, Joseph"]
[Result "1-0"]
[ECO "A14"]
[WhiteElo "2628"]
[BlackElo "2186"]
[Annotator "ChessBase"]
[PlyCount "55"]
[EventDate "2019.07.11"]
[EventType "swiss"]
[EventCountry "USA"]
[SourceTitle "playchess.com"]
[Source "ChessBase"]
[SourceQuality "1"]
[TimeControl "5400+30"]

1. Nf3 Nf6 2. g3 e6 3. Bg2 d5 4. O-O Be7 5. c4 O-O 6. b3 b6 7. Bb2 Bb7 8. e3 Nbd7 9. Nc3 a5 10. d4 Bb4 11. Rc1 c6 12. Ne2 Bd6 13. Ne5 Rc8 14. Nf4 Qe7 15. Rc2 Nb8 16. Qc1 Na6 17. Ned3 Rfe8 18. Rd1 h6 19. a3 Nd7 20. e4 dxe4 21. Bxe4 e5 22. dxe5 Nxe5 23. Re2 Qc7 24. Rde1 Nxd3 25. Nxd3 Re6 26. Qc3 Bf8 27. Nf4 Rd6 28. Bf5 1-0

[Event "12th New York International 2019"]
[Site "New York"]
[Date "2019.07.10"]
[Round "1.2"]
[White "Grasso, David"]
[Black "Khamrakulov, Djurabek"]
[Result "1/2-1/2"]
[ECO "B12"]
[WhiteElo "2170"]
[BlackElo "2506"]
[Annotator "RC"]
[PlyCount "60"]
[EventDate "2019.07.11"]
[EventType "swiss"]
[EventCountry "USA"]
[TimeControl "5400+30"]

1. e4 c6 2. d4 d5 3. e5 Bf5 4. h4 h6 5. g4 Be4 6. f3 Bh7 7. e6 Qd6 8. exf7+ Kxf7 9. f4 Nf6 10. Nf3 Nxg4 11. h5 Qe6+ 12. Ne5+ Nxe5 13. fxe5 Ke8 14. Nc3 Na6 15. Rh2 g5 16. hxg6 Bxg6 17. Bh3 Qf7 18. Rf2 Qh7 19. Qg4 Rd8 20. Be3 h5 21. Qe2 Nb4 22. Rc1 Bh6 23. Nb5 Na6 24. Nd6+ exd6 25. exd6 Bxe3 26. Qxe3+ Be4 27. Qg5 Rd7 28. Qe5+ Kd8 29. Qf6+ Ke8 30. Qe5+ Kd8 1/2-1/2

[Event "12th New York International 2019"]
[Site "New York"]
[Date "2019.07.10"]
[Round "1.3"]
[White "Paragua, Mark"]
[Black "Tsay, Vincent"]
[Result "1-0"]
[ECO "A08"]
[WhiteElo "2503"]
[BlackElo "2167"]
[Annotator "RC"]
[PlyCount "121"]
[EventDate "2019.07.11"]
[EventType "swiss"]
[EventCountry "USA"]
[TimeControl "5400+30"]

1. e4 e6 2. d3 d5 3. Qe2 Ne7 4. Nf3 c5 5. g3 Nbc6 6. Bg2 g6 7. O-O Bg7 8. c3 O-O 9. e5 Nf5 10. Bg5 f6 11. exf6 Bxf6 12. Bxf6 Qxf6 13. Re1 Nd6 14. Nbd2 Bd7 15. Nb3 b6 16. d4 cxd4 17. Nbxd4 Nxd4 18. Nxd4 Rae8 19. f4 Kg7 20. a4 Nc4 21. Nf3 Bc8 22. b3 Nd6 23. Ne5 Re7 24. c4 dxc4 25. Rad1 Nf7 26. Qxc4 Nxe5 27. Rxe5 Qf7 28. h4 Rc7 29. Qd4 Kg8 30. Rde1 Rc2 31. Be4 Rc7 32. h5 Qf6 33. hxg6 hxg6 34. Qd1 Rd8 35. Qg4 Rg7 36. Rc1 g5 37. Rxg5 Rxg5 38. Qxg5+ Qxg5 39. fxg5 Ba6 40. Kf2 Bd3 41. Bf3 Bg6 42. Ke2 Bd3+ 43. Ke3 Bg6 44. Rc3 Rf8 45. g4 Rd8 46. Be2 Rd5 47. Rc8+ Kf7 48. Rc7+ Kf8 49. Rxa7 Rxg5 50. Rb7 Re5+ 51. Kf2 Bc2 52. Rxb6 Kf7 53. Bc4 Kf6 54. Kf3 Re1 55. a5 Kg5 56. Rxe6 Ra1 57. Re5+ Kf6 58. Kf4 Ra3 59. g5+ Kg6 60. Rb5 Kg7 61. a6 1-0

[Event "12th New York International 2019"]
[Site "New York"]
[Date "2019.07.10"]
[Round "1.4"]
[White "Hallaeva, Bahar"]
[Black "Ostrovskiy, Aleksandr"]
[Result "0-1"]
[ECO "B18"]
[WhiteElo "2143"]
[BlackElo "2453"]
[Annotator "ChessBase"]
[PlyCount "58"]
[EventDate "2019.07.11"]
[EventType "swiss"]
[EventCountry "USA"]
[SourceTitle "playchess.com"]
[Source "ChessBase"]
[SourceQuality "1"]
[TimeControl "5400+30"]

1. e4 c6 2. d4 d5 3. Nd2 dxe4 4. Nxe4 Bf5 5. Ng3 Bg6 6. Nh3 e6 7. Nf4 Qh4 8. c3 Nd7 9. Be3 Ngf6 10. Qd2 Ne4 11. Nxg6 hxg6 12. Nxe4 Qxe4 13. O-O-O b5 14. Be2 Qxg2 15. Rhg1 Qd5 16. Rg5 Qxa2 17. Bf3 Rc8 18. d5 cxd5 19. Bxd5 exd5 20. Rxd5 Bb4 21. Bc5 Bxc5 22. Re1+ Kf8 23. Rxd7 Kg8 24. Re5 Bf8 25. Red5 Rxh2 26. Rd8 Rh1+ 27. Kc2 Rxd8 28. Rxd8 Qa4+ 29. Kd3 Rh3+ {[%emt 0:00:40] Kd4} 0-1

[Event "12th New York International 2019"]
[Site "New York"]
[Date "2019.07.11"]
[Round "2.1"]
[White "Bonin, Jay"]
[Black "Paragua, Mark"]
[Result "0-1"]
[ECO "A45"]
[WhiteElo "2284"]
[BlackElo "2503"]
[Annotator "ChessBase"]
[PlyCount "86"]
[EventDate "2019.07.11"]
[EventType "swiss"]
[EventCountry "USA"]
[SourceTitle "playchess.com"]
[Source "ChessBase"]
[SourceQuality "1"]
[TimeControl "5400+30"]

1. d4 Nf6 2. Bg5 Ne4 3. Bf4 c5 4. f3 Qa5+ 5. c3 Nf6 6. d5 d6 7. e4 g6 8. Na3 Bg7 9. Bb5+ Nfd7 10. Ne2 a6 11. Bxd7+ Nxd7 12. Nc4 Qc7 13. a4 Rb8 14. a5 b5 15. axb6 Nxb6 16. Na5 Bd7 17. O-O O-O 18. Ng3 Bb5 19. Rf2 c4 20. Ne2 Bd7 21. Be3 e5 22. dxe6 fxe6 23. f4 Nc8 24. b4 cxb3 25. Nxb3 Nb6 26. Bd4 e5 27. fxe5 dxe5 28. Bc5 Rxf2 29. Bxf2 Ba4 30. Qb1 Bf8 31. Nd2 Bb5 32. Qb3+ Kh8 33. c4 Nxc4 34. Qc3 Rc8 35. Bg3 Kg8 36. Nf3 Qc5+ 37. Kh1 Ne3 38. Qxc5 Bxc5 39. Nc3 Bf1 40. Nd5 Bxg2+ 41. Kg1 Bxf3 42. Nf6+ Kf7 43. Nd7 Nc2+ 0-1

[Event "12th New York International 2019"]
[Site "New York"]
[Date "2019.07.11"]
[Round "2.3"]
[White "Dominguez, Jose Manuel"]
[Black "Shen, Victor"]
[Result "0-1"]
[ECO "B40"]
[WhiteElo "2233"]
[BlackElo "2418"]
[Annotator "NA"]
[PlyCount "50"]
[EventDate "2019.07.11"]
[EventType "swiss"]
[EventCountry "USA"]
[SourceTitle "playchess.com"]
[Source "ChessBase"]
[SourceQuality "1"]
[TimeControl "5400+30"]

1. e4 c5 2. Nf3 e6 3. Be2 Nc6 4. O-O Nf6 5. d3 d5 6. Nbd2 Be7 7. Re1 b6 8. c3 Bb7 9. Bf1 Qc7 10. a3 O-O-O 11. Qa4 Rhg8 12. b4 g5 13. bxc5 bxc5 14. d4 dxe4 15. Nxe4 Nxe4 16. Rxe4 g4 17. Ne5 Nxe5 18. Rxe5 Bd6 19. Rh5 Qb6 20. Be3 f5 21. Rxh7 Rh8 22. Rxh8 Rxh8 23. g3 Qb2 24. dxc5 Qxa1 25. cxd6 Qxc3 0-1

[Event "12th New York International 2019"]
[Site "New York"]
[Date "2019.07.11"]
[Round "2.4"]
[White "Ostrovskiy, Aleksandr"]
[Black "Shen, Christopher"]
[Result "1/2-1/2"]
[ECO "B41"]
[WhiteElo "2453"]
[BlackElo "2283"]
[Annotator "ChessBase"]
[PlyCount "58"]
[EventDate "2019.07.11"]
[EventType "swiss"]
[EventCountry "USA"]
[SourceTitle "playchess.com"]
[Source "ChessBase"]
[SourceQuality "1"]
[TimeControl "5400+30"]

1. e4 c5 2. Nf3 e6 3. d4 cxd4 4. Nxd4 a6 5. c4 Nf6 6. Nc3 Qc7 7. Be2 Bb4 8. Nc2 Bxc3+ 9. bxc3 d6 10. f3 Nbd7 11. O-O O-O 12. Bg5 Qc5+ 13. Be3 Qc7 14. Qd2 Ne5 15. Qd4 Bd7 16. Bg5 Ba4 17. Ne3 Nc6 18. Qd2 Nd7 19. Rab1 Nc5 20. h4 h6 21. Bf4 Ne5 22. h5 Rad8 23. g4 Qe7 24. Rf2 Bc6 25. Rbf1 f6 26. Rd1 Ba4 27. Rb1 Bc6 28. Rd1 Ba4 29. Rb1 Bc6 1/2-1/2

[Event "12th New York International 2019"]
[Site "New York"]
[Date "2019.07.11"]
[Round "3.3"]
[White "Rozman, Levy"]
[Black "Tremblay, Rejean"]
[Result "0-1"]
[ECO "E04"]
[WhiteElo "2382"]
[BlackElo "2192"]
[Annotator "RC"]
[PlyCount "66"]
[EventDate "2019.07.11"]
[EventType "swiss"]
[EventCountry "USA"]
[SourceTitle "playchess.com"]
[Source "ChessBase"]
[SourceQuality "1"]
[TimeControl "5400+30"]

1. d4 e6 2. c4 Nf6 3. Nc3 d5 4. Nf3 c6 5. g3 dxc4 6. Bg2 b5 7. Ne5 Qb6 8. O-O Bb7 9. b3 cxb3 10. Qxb3 Be7 11. a4 b4 12. Nc4 Qd8 13. Rd1 a5 14. Bg5 O-O 15. Bxf6 gxf6 16. Ne4 Na6 17. g4 Kh8 18. Qh3 Rg8 19. Ng3 Bf8 20. e4 Nc7 21. Qh5 Qe8 22. e5 Nd5 23. Be4 Rg7 24. Bxd5 cxd5 25. Ne3 Qd8 26. Rac1 fxe5 27. dxe5 Rc8 28. g5 Rxc1 29. Rxc1 d4 30. Rd1 Qb6 31. Ng4 Qc6 32. Kf1 Qg2+ 33. Ke1 b3 0-1

[Event "12th New York International 2019"]
[Site "New York"]
[Date "2019.07.12"]
[Round "4.1"]
[White "Tremblay, Rejean"]
[Black "Rohde, Michael"]
[Result "0-1"]
[ECO "E39"]
[WhiteElo "2192"]
[BlackElo "2332"]
[Annotator "NA"]
[PlyCount "70"]
[EventDate "2019.07.11"]
[EventType "swiss"]
[EventCountry "USA"]
[SourceTitle "playchess.com"]
[Source "ChessBase"]
[SourceQuality "1"]
[TimeControl "5400+30"]

1. d4 Nf6 2. c4 e6 3. Nc3 Bb4 4. Qc2 c5 5. dxc5 O-O 6. Nf3 Na6 7. g3 Nxc5 8. Bg2 b6 9. O-O Bb7 10. Nb5 Be4 11. Qd1 Nb7 12. a3 Be7 13. Nc3 Bc6 14. Qc2 Rc8 15. b3 b5 16. cxb5 Bxb5 17. Bb2 d5 18. Qd1 Ba6 19. Re1 Nc5 20. b4 Ncd7 21. Qa4 Qb6 22. Rac1 Bc4 23. Nd1 Bb5 24. Qb3 Rxc1 25. Bxc1 Ne4 26. Bb2 Bf6 27. Ne3 Rc8 28. Bf1 h5 29. Rc1 Rxc1 30. Bxc1 Nc3 31. Qc2 d4 32. Ng2 e5 33. e3 Bxf1 34. Kxf1 Qa6+ 35. Kg1 Qe2 0-1

[Event "12th New York International 2019"]
[Site "New York"]
[Date "2019.07.12"]
[Round "4.2"]
[White "Zhou, Liran"]
[Black "Paragua, Mark"]
[Result "1/2-1/2"]
[ECO "B19"]
[WhiteElo "2314"]
[BlackElo "2503"]
[Annotator "ChessBase"]
[PlyCount "125"]
[EventDate "2019.07.11"]
[EventType "swiss"]
[EventCountry "USA"]
[SourceTitle "playchess.com"]
[Source "ChessBase"]
[SourceQuality "1"]
[TimeControl "5400+30"]

1. e4 c6 2. d4 d5 3. Nd2 dxe4 4. Nxe4 Bf5 5. Ng3 Bg6 6. Nf3 e6 7. h4 h6 8. h5 Bh7 9. Bd3 Bxd3 10. Qxd3 Nf6 11. Bd2 Be7 12. O-O-O c5 13. Ne4 Nc6 14. Bc3 Qd5 15. Nxf6+ gxf6 16. dxc5 Qxd3 17. Rxd3 Rg8 18. g3 Bxc5 19. Rd2 Ke7 20. Kd1 Nb4 21. Bxb4 Bxb4 22. c3 Bd6 23. Ke2 f5 24. Rhd1 Rad8 25. Nd4 Bc7 26. Rd3 Rg5 27. Rh1 f4 28. gxf4 Bxf4 29. Nf3 Rxd3 30. Kxd3 Rg2 31. Ke2 Kf6 32. Kf1 Rg8 33. Ke2 e5 34. Rd1 Ke6 35. Kf1 Rc8 36. Ke2 a5 37. Rd3 b5 38. Kf1 a4 39. b3 Bc1 40. c4 bxc4 41. Rc3 Ba3 42. bxc4 Bc5 43. Rc2 Rb8 44. Rd2 Rb1+ 45. Kg2 Rc1 46. Nxe5 f6 47. Nd3 Rxc4 48. Nxc5+ Rxc5 49. Rd4 a3 50. Rd3 Ra5 51. f4 Rxh5 52. Rxa3 Rc5 53. Kg3 Kf5 54. Rb3 Ra5 55. a3 h5 56. Rc3 Ke4 57. Rc4+ Kd3 58. Rc6 f5 59. Kh4 Ke4 60. Rc4+ Kd3 61. Rc6 Ke3 62. Rc4 Kd3 63. Rc6 1/2-1/2

[Event "12th New York International 2019"]
[Site "New York"]
[Date "2019.07.12"]
[Round "4.3"]
[White "Wang, Wesley"]
[Black "Shen, Victor"]
[Result "0-1"]
[ECO "C73"]
[WhiteElo "2328"]
[BlackElo "2418"]
[Annotator "NA"]
[PlyCount "88"]
[EventDate "2019.07.11"]
[EventType "swiss"]
[EventCountry "USA"]
[SourceTitle "playchess.com"]
[Source "ChessBase"]
[SourceQuality "1"]
[TimeControl "5400+30"]

1. e4 e5 2. Nf3 Nc6 3. Bb5 a6 4. Ba4 d6 5. Bxc6+ bxc6 6. d4 f6 7. Nc3 g6 8. Be3 Bg7 9. h4 Rb8 10. h5 Rxb2 11. h6 Bf8 12. Qd3 Rb8 13. Rd1 Qd7 14. Qc4 exd4 15. Nxd4 c5 16. Nf3 Ne7 17. O-O Qe6 18. Qd3 g5 19. Rfe1 Bxh6 20. Nd5 Rb7 21. Bxc5 dxc5 22. Nxc7+ Rxc7 23. Qd8+ Kf7 24. Qxh8 Kg6 25. e5 Bg7 26. Qd8 Rd7 27. Qe8+ Kh6 28. exf6 Rxd1 29. Rxd1 Bxf6 30. Re1 Qd6 31. Rxe7 Bxe7 32. Qxc8 Qd1+ 33. Kh2 Bd6+ 34. g3 Qxf3 35. Qe6+ Kh5 36. Qe8+ Kh6 37. Qe6+ Kg7 38. Qxd6 Qxf2+ 39. Kh3 Qf5+ 40. g4 Qf3+ 41. Kh2 Qf4+ 42. Qxf4 gxf4 43. Kg2 Kf6 44. Kf3 Kg5 0-1

[Event "12th New York International 2019"]
[Site "New York"]
[Date "2019.07.12"]
[Round "4.4"]
[White "Brodsky, David"]
[Black "Kim, Yoon-Young"]
[Result "1-0"]
[ECO "C95"]
[WhiteElo "2432"]
[BlackElo "2322"]
[Annotator "NA"]
[PlyCount "99"]
[EventDate "2019.07.11"]
[EventType "swiss"]
[EventCountry "USA"]
[SourceTitle "playchess.com"]
[Source "ChessBase"]
[SourceQuality "1"]
[TimeControl "5400+30"]

1. e4 e5 2. Nf3 Nc6 3. Bb5 a6 4. Ba4 Nf6 5. O-O Be7 6. Re1 b5 7. Bb3 d6 8. c3 O-O 9. h3 Nb8 10. d4 Nbd7 11. Nbd2 Bb7 12. Bc2 Re8 13. Nf1 Bf8 14. Ng3 g6 15. a4 Nb6 16. b3 bxa4 17. bxa4 a5 18. Bd3 Qc8 19. Bg5 Nfd7 20. Nh4 h6 21. Bd2 Qd8 22. Nf3 Bg7 23. h4 Kh7 24. h5 Ba6 25. Bxa6 Rxa6 26. Qb3 Qe7 27. Be3 c6 28. d5 Rc8 29. Nd2 Bf6 30. Nc4 c5 31. Qb5 Rca8 32. Rab1 Nxc4 33. Qxc4 Nb6 34. Qa2 Bh4 35. hxg6+ fxg6 36. Nf1 Qd7 37. Rb5 Bd8 38. Reb1 Bc7 39. Nd2 Rb8 40. Kf1 Kg7 41. f3 Raa8 42. Ke2 Ra7 43. Kd3 Qc8 44. Nc4 Nd7 45. Rxb8 Nxb8 46. g4 Nd7 47. Qh2 Kf7 48. Qxh6 Nf8 49. Qh8 Rb7 50. Rh1 1-0

[Event "12th New York International 2019"]
[Site "New York"]
[Date "2019.07.13"]
[Round "5.1"]
[White "Rohde, Michael"]
[Black "Shen, Victor"]
[Result "1-0"]
[ECO "A09"]
[WhiteElo "2332"]
[BlackElo "2418"]
[Annotator "ChessBase"]
[PlyCount "99"]
[EventDate "2019.07.11"]
[EventType "swiss"]
[EventCountry "USA"]
[SourceTitle "playchess.com"]
[Source "ChessBase"]
[SourceQuality "1"]
[TimeControl "5400+30"]

1. Nf3 d5 2. c4 d4 3. e3 Nc6 4. b4 dxe3 5. fxe3 Nxb4 6. d4 e5 7. a3 Nc6 8. Bb2 e4 9. Nfd2 f5 10. Qb3 Qg5 11. c5 Nf6 12. Nc4 Nd8 13. Nc3 c6 14. Ne2 Nd5 15. h4 Qh6 16. g3 Be6 17. Nf4 Nxf4 18. gxf4 Be7 19. O-O-O O-O 20. Qc2 Rb8 21. h5 Bd5 22. Ne5 Qe6 23. Bc4 Bf6 24. Bxd5 cxd5 25. Kb1 Bxe5 26. dxe5 Nc6 27. Rh2 b6 28. Qc3 Rfc8 29. h6 g6 30. cxb6 Rxb6 31. Ka1 Nb4 32. Qxb4 Rxb4 33. axb4 Qa6+ 34. Kb1 Qb6 35. Rd4 Rc4 36. Rxd5 Qxe3 37. Rhd2 Rc8 38. e6 Qg1+ 39. Rd1 Qb6 40. Rd6 Qc7 41. Rc1 Qxd6 42. Rxc8+ Qf8 43. Rxf8+ Kxf8 44. Bf6 a6 45. Kc2 Ke8 46. Kc3 Kf8 47. Kc4 Ke8 48. Bd4 Ke7 49. Kd5 Ke8 50. Ke5 1-0

[Event "12th New York International 2019"]
[Site "New York"]
[Date "2019.07.13"]
[Round "5.3"]
[White "Paragua, Mark"]
[Black "Tremblay, Rejean"]
[Result "1-0"]
[ECO "B90"]
[WhiteElo "2503"]
[BlackElo "2192"]
[Annotator "ChessBase"]
[PlyCount "51"]
[EventDate "2019.07.11"]
[EventType "swiss"]
[EventCountry "USA"]
[SourceTitle "playchess.com"]
[Source "ChessBase"]
[SourceQuality "1"]
[TimeControl "5400+30"]

1. e4 c5 2. Nf3 d6 3. d4 cxd4 4. Nxd4 Nf6 5. Nc3 a6 6. Be3 e5 7. Nb3 Be7 8. h3 Be6 9. Qf3 Nbd7 10. g4 O-O 11. O-O-O Rc8 12. g5 Ne8 13. h4 b5 14. Nd5 Bxd5 15. exd5 Qc7 16. Bd3 Bd8 17. h5 f5 18. gxf6 Rxf6 19. Qg4 Nf8 20. Na5 Rf7 21. Nc6 Bf6 22. Bg6 hxg6 23. hxg6 Rd7 24. Rh3 Qb7 25. Rdh1 Nxg6 26. Qxg6 1-0

[Event "12th New York International 2019"]
[Site "New York"]
[Date "2019.07.13"]
[Round "5.4"]
[White "Korley, Kassa"]
[Black "Zhou, Liran"]
[Result "1/2-1/2"]
[ECO "E92"]
[WhiteElo "2437"]
[BlackElo "2314"]
[Annotator "ChessBase"]
[PlyCount "106"]
[EventDate "2019.07.11"]
[EventType "swiss"]
[EventCountry "USA"]
[SourceTitle "playchess.com"]
[Source "ChessBase"]
[SourceQuality "1"]
[TimeControl "5400+30"]

1. d4 Nf6 2. c4 g6 3. Nf3 Bg7 4. Nc3 O-O 5. e4 d6 6. Be2 e5 7. d5 a5 8. Be3 Ng4 9. Bg5 f6 10. Bd2 Na6 11. O-O f5 12. exf5 gxf5 13. Ng5 Nf6 14. f4 e4 15. Be3 Nc5 16. Nh3 Bd7 17. Nf2 Qe8 18. Qd2 Kh8 19. Kh1 Rg8 20. Rg1 h6 21. g3 c6 22. Rad1 cxd5 23. Nxd5 Nxd5 24. cxd5 Qf7 25. h3 Na4 26. g4 Nxb2 27. Rb1 Na4 28. Rxb7 Nc3 29. g5 Qxd5 30. Qxd5 Nxd5 31. gxh6 Bf6 32. Rxg8+ Rxg8 33. Rxd7 Nxe3 34. Rxd6 Bh4 35. Nd1 Nxd1 36. Bxd1 Bg3 37. Bb3 Bxf4 38. Bxg8 Bxd6 39. Be6 f4 40. Bd5 e3 41. Bf3 Kh7 42. h4 Kxh6 43. Kg2 a4 44. Kf1 a3 45. Ke2 Be7 46. h5 Kg5 47. Kd3 Bf8 48. Ke2 Bh6 49. Kd3 Kf5 50. Ke2 Ke5 51. Kd3 Bg7 52. Bg4 Bh6 53. Bf3 Kf5 {[%emt 0:00:20] Ke4+ Ke5+} 1/2-1/2

[Event "12th New York International 2019"]
[Site "New York"]
[Date "2019.07.13"]
[Round "6.4"]
[White "Huang, Gary"]
[Black "Korley, Kassa"]
[Result "0-1"]
[ECO "A07"]
[WhiteElo "2107"]
[BlackElo "2437"]
[Annotator "NA"]
[PlyCount "108"]
[EventDate "2019.07.11"]
[EventType "swiss"]
[EventCountry "USA"]
[SourceTitle "playchess.com"]
[Source "ChessBase"]
[SourceQuality "1"]
[TimeControl "5400+30"]

1. g3 d5 2. Nf3 c6 3. Bg2 Nf6 4. O-O Bf5 5. d3 e6 6. Nbd2 h6 7. Qe1 Be7 8. b3 a5 9. a3 O-O 10. e4 Bh7 11. Bb2 Na6 12. Ne5 Nc5 13. f4 Nfd7 14. Kh1 Nxe5 15. Bxe5 Re8 16. Qf2 Nd7 17. Bd4 Bf8 18. g4 dxe4 19. Nxe4 Bxe4 20. Bxe4 Nf6 21. Bf3 Nd5 22. g5 g6 23. h4 h5 24. c4 Ne7 25. Be4 Qd7 26. Rad1 Bg7 27. Be5 Rad8 28. Qc5 Ra8 29. Rfe1 Red8 30. Bf6 Bf8 31. Qe5 Re8 32. Qb2 Nc8 33. Be5 Nd6 34. d4 a4 35. Bd3 axb3 36. Qxb3 Nf5 37. a4 Nxh4 38. Be4 Bd6 39. Rd3 Qc7 40. c5 Bxe5 41. dxe5 Qa5 42. Re2 Qxc5 43. Rc2 Qa5 44. Rd4 Qe1+ 45. Kh2 Rad8 46. Qd3 Rxd4 47. Qxd4 Ra8 48. Rb2 c5 49. Qd3 Nf5 50. Bxf5 exf5 51. e6 Qxe6 52. Rxb7 Re8 53. Qc2 Qe3 54. Qc4 Qf2+ 0-1

[Event "12th New York International 2019"]
[Site "New York"]
[Date "2019.07.14"]
[Round "8.1"]
[White "Rohde, Michael"]
[Black "Paragua, Mark"]
[Result "1/2-1/2"]
[ECO "B22"]
[WhiteElo "2332"]
[BlackElo "2503"]
[Annotator "ChessBase"]
[PlyCount "58"]
[EventDate "2019.07.11"]
[EventType "swiss"]
[EventCountry "USA"]
[SourceTitle "playchess.com"]
[Source "ChessBase"]
[SourceQuality "1"]
[TimeControl "5400+30"]

1. e4 c5 2. c3 Nf6 3. e5 Nd5 4. d4 cxd4 5. Nf3 Nc6 6. Bc4 Nb6 7. Bb3 d5 8. exd6 Qxd6 9. O-O Be6 10. Na3 a6 11. Bxe6 Qxe6 12. Nxd4 Nxd4 13. Qxd4 Rd8 14. Qh4 h5 15. h3 f6 16. Be3 Nd5 17. Rad1 Nxe3 18. Rxd8+ Kxd8 19. Qd4+ Ke8 20. fxe3 g6 21. Nc4 Bh6 22. e4 Kf7 23. Nb6 Kg7 24. a4 Kh7 25. Kh1 Rf8 26. a5 f5 27. Nd7 Rc8 28. Nb6 Rf8 29. Nd7 Rc8 1/2-1/2

[Event "12th New York International 2019"]
[Site "New York"]
[Date "2019.07.14"]
[Round "8.2"]
[White "Korley, Kassa"]
[Black "Zherebukh, Yaroslav"]
[Result "1/2-1/2"]
[ECO "E32"]
[WhiteElo "2437"]
[BlackElo "2628"]
[Annotator "ChessBase"]
[PlyCount "250"]
[EventDate "2019.07.11"]
[EventType "swiss"]
[EventCountry "USA"]
[SourceTitle "playchess.com"]
[Source "ChessBase"]
[SourceQuality "1"]
[TimeControl "5400+30"]

1. d4 Nf6 2. c4 e6 3. Nc3 Bb4 4. Qc2 O-O 5. a3 Bxc3+ 6. Qxc3 b6 7. Nf3 Bb7 8. e3 Ne4 9. Qc2 f5 10. b4 c5 11. Be2 Nc6 12. bxc5 bxc5 13. O-O Rc8 14. Ne5 cxd4 15. Nxc6 Rxc6 16. exd4 Ba6 17. f3 Nf6 18. c5 Bxe2 19. Qxe2 Nd5 20. Bd2 Qf6 21. Qd3 Rfc8 22. Rfe1 d6 23. cxd6 Rxd6 24. Rac1 Rcd8 25. Ba5 R8d7 26. Rc8+ Kf7 27. Qc4 Ne7 28. Rh8 Rxd4 29. Qe2 Ng6 30. Ra8 Nf4 31. Qc2 R4d5 32. Bc3 Rc5 33. Qa4 Qe7 34. Bxg7 Qd6 35. Rxa7 Rxa7 36. Qxa7+ Rc7 37. Qd4 Qxd4+ 38. Bxd4 Rc2 39. Bf2 Ra2 40. Rd1 Rxa3 41. g3 Nd5 42. Kg2 Ra2 43. Kf1 h5 44. Re1 h4 45. g4 Nf4 46. gxf5 exf5 47. Bxh4 Rxh2 48. Re7+ Kf8 49. Re5 Rxh4 50. Rxf5+ Kg7 51. Kf2 Ne6 52. Kg3 Ra4 53. Rb5 Kf6 54. Rb6 Ra5 55. Rb4 Kf5 56. Rb3 Ng7 57. Rb4 Nh5+ 58. Kf2 Ra3 59. Rb5+ Kg6 60. Rb6+ Kg5 61. Rb5+ Kh4 62. Rb4+ Kh3 63. Rg4 Ra2+ 64. Ke3 Ng3 65. Kf4 Ra4+ 66. Ke5 Ra5+ 67. Kf4 Rf5+ 68. Ke3 Kg2 69. f4 Ra5 70. Rg5 Ra3+ 71. Kd4 Kf3 72. Rg8 Nf5+ 73. Kc4 Ra7 74. Rg1 Rc7+ 75. Kb4 Kxf4 76. Rf1+ Ke4 77. Re1+ Ne3 78. Rh1 Nf5 79. Re1+ Kd5 80. Rh1 Rc4+ 81. Kb5 Nd6+ 82. Kb6 Rc6+ 83. Ka5 Ne4 84. Kb5 Nc3+ 85. Kb4 Rc4+ 86. Kb3 Ne4 87. Rh8 Nc5+ 88. Kb2 Rg4 89. Kc3 Ne4+ 90. Kb4 Nc5+ 91. Kc3 Rg3+ 92. Kd2 Nb3+ 93. Ke2 Nd4+ 94. Kf2 Rf3+ 95. Kg2 Rf6 96. Re8 Ne6 97. Ra8 Ke4 98. Ra4+ Nd4 99. Ra8 Nc2 100. Kg3 Rf3+ 101. Kg4 Ne3+ 102. Kg5 Rf5+ 103. Kg6 Nd5 104. Ra1 Rf6+ 105. Kg5 Rf8 106. Re1+ Kd4 107. Rd1+ Ke4 108. Re1+ Ne3 109. Ra1 Rg8+ 110. Kf6 Nd5+ 111. Kf7 Rb8 112. Re1+ Kf5 113. Rf1+ Nf4 114. Ke7 Rb6 115. Kd7 Rh6 116. Kc7 Ke5 117. Re1+ Kd4 118. Rd1+ Nd3 119. Kd7 Ke4 120. Ra1 Kd5 121. Ra5+ Nc5+ 122. Ke7 Rb6 123. Kf7 Rh6 124. Ke7 Rh7+ 125. Kf6 Rb7 1/2-1/2

[Event "12th New York International 2019"]
[Site "New York"]
[Date "2019.07.14"]
[Round "8.3"]
[White "Khamrakulov, Djurabek"]
[Black "Shen, Christopher"]
[Result "1/2-1/2"]
[ECO "B22"]
[WhiteElo "2506"]
[BlackElo "2283"]
[Annotator "ChessBase"]
[PlyCount "45"]
[EventDate "2019.07.11"]
[EventType "swiss"]
[EventCountry "USA"]
[SourceTitle "playchess.com"]
[Source "ChessBase"]
[SourceQuality "1"]
[TimeControl "5400+30"]

1. e4 c5 2. Nf3 e6 3. c3 d5 4. exd5 exd5 5. d4 Nc6 6. Be3 c4 7. b3 cxb3 8. axb3 Nf6 9. Bd3 Bg4 10. Nbd2 Bd6 11. O-O O-O 12. Bg5 h6 13. Be3 Qd7 14. Qb1 Rfe8 15. Re1 Bxf3 16. Nxf3 Ne4 17. c4 Nb4 18. Rc1 Nxd3 19. Qxd3 a6 20. Ra5 Nf6 21. cxd5 Bb4 22. Ne5 Qd6 23. Ra4 1/2-1/2

[Event "12th New York International 2019"]
[Site "New York"]
[Date "2019.07.14"]
[Round "8.4"]
[White "Shen, Victor"]
[Black "Brodsky, David"]
[Result "0-1"]
[ECO "A40"]
[WhiteElo "2418"]
[BlackElo "2432"]
[Annotator "ChessBase"]
[PlyCount "58"]
[EventDate "2019.07.11"]
[EventType "swiss"]
[EventCountry "USA"]
[SourceTitle "playchess.com"]
[Source "ChessBase"]
[SourceQuality "1"]
[TimeControl "5400+30"]

1. c4 b6 2. d4 Bb7 3. Nc3 e6 4. Bf4 Nf6 5. e3 Bb4 6. Qb3 c5 7. dxc5 Bxc5 8. Nf3 O-O 9. Be2 Be7 10. Rd1 Nh5 11. Bd6 Bxd6 12. Rxd6 Qe7 13. Rd2 Nf6 14. O-O Nc6 15. Rfd1 Na5 16. Qa4 Bc6 17. Qc2 Bxf3 18. gxf3 Rac8 19. Qa4 Qc5 20. f4 Qf5 21. Rd4 Qh3 22. Bf1 Qh4 23. R1d2 Kh8 24. Bg2 Nc6 25. Rd6 g5 26. fxg5 Qxg5 27. Qb5 Ne5 28. Rxd7 Nfxd7 29. Rxd7 Rg8 0-1